Map: Orbital Shipyard

Players

PtitDrogo

  • Race: Protoss Protoss
  • League: Master

Bomber - Winner!

  • Race: Terran Terran

Event: DreamHack ROCCAT LotV Championship

VOD

Have the link to the VOD?

Description

Time

  • Played on: Nov. 26, 2015, 2:13 p.m.
  • Length: 18:54

All games in this series

Show
View Real Time Build Order
Export as new Build Order

PtitDrogo Protoss 

Build Orders: 1 Gate Expand, Blink Stalkers, Colossus Rush 

Get SALT Encoding   

  12  0:01  Probe (Chrono Boost)  
  13  0:11  Probe (Chrono Boost)  
  14  0:18  Pylon  
  14  0:22  Probe (Chrono Boost)  
  15  0:37  Gateway, Probe (Chrono Boost)  
  16  0:44  Assimilator  
  16  0:47  Probe (Chrono Boost)  
  17  0:58  Probe (Chrono Boost)  
  18  1:08  Probe (Chrono Boost)  
  19  1:19  Nexus  
  19  1:27  Cybernetics Core  
  19  1:31  Probe (Chrono Boost)  
  20  1:38  Assimilator  
  20  1:42  Probe (Chrono Boost)  
  21  1:48  Pylon  
  21  1:52  Probe (Chrono Boost)  
  22  2:06  Mothership Core (Chrono Boost), Adept  
  26  2:14  Warp Gate  
  26  2:25  Probe (Chrono Boost)  
  27  2:31  Probe (Chrono Boost)  
  27  2:33  Adept  
  27  2:35  Probe (Chrono Boost)  
  31  2:42  Probe (Chrono Boost), Twilight Council  
  32  2:46  Probe (Chrono Boost)  
  33  2:52  Probe (Chrono Boost)  
  33  2:56  Probe (Chrono Boost)  
  35  3:03  Probe (Chrono Boost)  
  36  3:05  Robotics Facility  
  36  3:07  Probe (Chrono Boost)  
  37  3:13  Probe (Chrono Boost)  
  37  3:14  Blink (Chrono Boost)  
  37  3:16  Assimilator  
  37  3:17  Probe (Chrono Boost)  
  37  3:19  Assimilator  
  39  3:23  Probe (Chrono Boost)  
  40  3:28  Probe  
  40  3:33  Probe  
  41  3:36  Pylon  
  41  3:40  Probe  
  43  3:43  Probe  
  44  3:52  Probe  
  44  3:54  Observer (Chrono Boost)  
  46  3:55  Probe  
  46  3:59  Gateway  
  46  4:01  Gateway  
  46  4:02  Pylon  
  47  4:04  Probe  
  47  4:08  Probe  
  49  4:13  Observer (Chrono Boost)  
  49  4:16  Probe  
  51  4:20  Probe  
  52  4:28  Probe, Nexus  
  52  4:31  Pylon  
  53  4:32  Probe  
  53  4:34  Observer (Chrono Boost)  
  53  4:36  Pylon  
  55  4:40  Probe  
  55  4:42  Robotics Bay  
  55  4:44  Sentry  
  58  4:46  Probe  
  59  4:53  Warp Prism (Chrono Boost)  
  59  4:57  Stalker  
  63  5:01  Probe  
  63  5:02  Stalker  
  63  5:04  Probe  
  67  5:10  Stalker  
  67  5:13  Probe  
  70  5:16  Probe  
  71  5:26  Probe, Adept x2  
  71  5:27  Pylon  
  76  5:33  Colossus (Chrono Boost)  
  76  5:40  Extended Thermal Lance (Chrono Boost)  
  76  5:42  Probe  
  82  5:43  Probe x2  
  82  5:49  Stalker x2  
  89  5:59  Stalker  
  91  6:10  Pylon  
  91  6:20  Gateway  
  91  6:22  Gateway  
  91  6:24  Pylon  
  91  6:25  Gateway  
  91  6:28  Pylon  
  91  6:30  Stalker x3  
  97  6:33  Colossus  
  97  6:34  Probe x2, Pylon  
  97  6:36  Probe  
  103  6:42  Resonating Glaives (Chrono Boost)  
  103  6:46  Probe  
  107  6:47  Pylon  
  107  6:53  Stalker x3  
  113  6:56  Pylon  
  113  6:59  Forge  
  113  7:00  Probe x2  
  115  7:02  Assimilator  
  115  7:03  Assimilator  
  115  7:06  Probe  
  106  7:11  Pylon  
  106  7:12  Probe  
  107  7:17  Sentry x2  
  107  7:18  Adept  
  107  7:19  Colossus  
  107  7:22  Adept  
  121  7:32  Gateway, Adept x2, Pylon  
  121  7:36  Pylon  
  125  7:42  Stalker x3  
  125  7:43  Protoss Ground Armor Level 1 (Chrono Boost)  
  131  7:51  Adept, Forge  
  130  7:53  Adept x2  
  136  8:04  Pylon  
  136  8:06  Colossus  
  136  8:09  Gateway  
  136  8:10  Gateway  
  136  8:17  Protoss Ground Weapons Level 1 (Chrono Boost)  
  142  8:26  Templar Archives  
  142  8:27  Adept x2  
  142  8:28  Adept x2  
  142  8:31  Adept x2  
  154  8:36  Probe x2  
  156  8:53  Adept  
  156  8:54  Stalker x3, Adept  
  156  8:55  Zealot  
  168  8:57  Immortal, Nexus  
  168  9:02  Psionic Storm  
  172  9:11  Pylon  
  172  9:12  Pylon  
  172  9:14  Pylon  
  172  9:17  High Templar  
  174  9:20  Photon Cannon  
  174  9:24  High Templar  
  174  9:25  Zealot  
  178  9:37  Archon  
  178  9:41  Adept x4  
  184  9:50  Adept x4  
  188  9:53  Protoss Ground Armor Level 2  
  163  10:15  Stalker x5  
  163  10:16  Stalker x3  
  169  10:23  Protoss Ground Weapons Level 2  
  169  10:32  Stalker  
  169  10:33  Nexus  
  171  10:39  Pylon  
  171  10:43  Adept x2  
  171  10:44  Adept x3  
  153  11:01  Stalker  
  153  11:02  Stalker x2  
  155  11:09  Stalker  
  155  11:10  Adept x4  
  165  11:15  Pylon  
  165  11:16  Stalker  
  161  11:38  Mothership Core  
  161  11:39  High Templar x2  
  151  11:40  High Templar  
  151  11:43  Adept x4  
  161  11:49  Colossus  
  167  12:05  Zealot x6  
  167  12:06  Assimilator  
  179  12:09  Assimilator  
  179  12:13  Pylon  
  177  12:22  Photon Cannon  
  177  12:24  Photon Cannon, High Templar  
  179  12:31  Zealot x3  
  179  12:32  Zealot  
  186  12:41  Immortal, Zealot  
  188  12:48  High Templar x2  
  196  12:52  Stalker x2  
  186  13:22  Zealot  
  186  13:23  Zealot x4  
  194  13:29  Zealot  
  146  13:53  Zealot x6  
  158  14:00  Gateway  
  158  14:05  Templar Archives  
  137  14:47  High Templar x5  
  137  14:51  Archon  
  137  14:52  Archon  
  147  15:09  Gateway  
  147  15:10  Gateway  
  143  15:15  Dark Shrine  
  137  15:23  Probe x2  
  137  15:28  High Templar x3  
  141  15:29  High Templar x3  
  151  15:40  Archon x2  
  151  15:41  Archon  
  151  15:58  Nexus  
  151  15:59  Probe  
  146  16:09  Archon  
  146  16:10  Archon x2  
  128  16:12  Zealot x5  
  128  16:13  Zealot  
  100  16:35  Dark Templar  
  100  16:36  Dark Templar, Zealot, Charge  
  106  16:41  High Templar x3  
  112  16:47  Cybernetics Core  
  112  16:49  Dark Templar x2  
  116  17:07  Probe  
  117  17:09  Zealot x4  
  123  17:15  Gateway  
  123  17:19  Gateway  
  119  17:24  Mothership Core  
  121  17:32  High Templar x4  
  121  17:34  Zealot x4  
  137  17:40  Pylon  
  111  17:56  Adept x2  
  111  18:00  Zealot x5  
  114  18:17  Zealot  
  114  18:18  Zealot  
  114  18:19  Zealot x5  
  114  18:42  Zealot x4  
  114  18:43  Zealot x6  
Show
View Real Time Build Order
Export as new Build Order

Bomber Terran - Winner!

Build Orders: Command Center First (CC), MMM Bio 

Get SALT Encoding   

  12  0:00  SCV  
  13  0:13  SCV  
  14  0:17  Supply Depot  
  14  0:25  SCV  
  15  0:39  SCV  
  16  0:51  SCV  
  17  1:00  Command Center  
  17  1:03  SCV  
  18  1:12  Barracks  
  18  1:15  SCV  
  19  1:26  Barracks  
  19  1:29  SCV  
  20  1:39  Barracks  
  20  1:42  SCV  
  21  1:55  Refinery  
  21  2:00  Marine, Orbital Command  
  22  2:13  Orbital Command  
  22  2:15  Marine  
  23  2:18  Marine  
  24  2:26  SCV  
  24  2:27  Marine  
  26  2:33  Marine  
  26  2:36  Marine  
  28  2:38  Supply Depot, SCV  
  28  2:39  SCV  
  30  2:44  Marine  
  30  2:50  SCV, Marine  
  30  2:51  SCV  
  34  2:54  Barracks Tech Lab  
  34  2:59  Refinery  
  34  3:02  SCV  
  34  3:03  SCV  
  34  3:04  Supply Depot, Marine  
  37  3:08  Marine  
  38  3:14  SCV  
  38  3:15  SCV  
  38  3:16  Stimpack  
  38  3:17  Marauder  
  42  3:21  Engineering Bay  
  42  3:22  Marine  
  42  3:26  Marine  
  44  3:29  SCV  
  44  3:30  SCV  
  44  3:31  Supply Depot  
  46  3:40  Marine  
  48  3:41  SCV  
  48  3:42  SCV  
  48  3:44  Factory  
  48  3:45  Marauder  
  48  3:46  Marine  
  52  3:53  SCV  
  52  3:54  Refinery  
  53  3:56  SCV  
  53  3:57  Supply Depot  
  53  4:00  Marine  
  55  4:03  Marine  
  55  4:05  SCV  
  55  4:07  Marauder  
  55  4:09  SCV  
  60  4:11  Terran Infantry Weapons Level 1  
  60  4:12  Supply Depot  
  60  4:17  SCV  
  60  4:21  SCV  
  60  4:24  Supply Depot, Marine  
  62  4:25  Marine  
  62  4:29  SCV  
  67  4:31  Marine  
  67  4:32  Starport, Factory Reactor  
  67  4:34  SCV  
  67  4:35  Refinery  
  67  4:39  Supply Depot  
  67  4:42  SCV  
  67  4:43  Marine x2  
  70  4:48  SCV  
  70  4:50  Marauder  
  73  4:54  SCV, Supply Depot  
  74  5:00  SCV  
  74  5:01  Marine x2  
  74  5:06  SCV  
  78  5:11  Marauder  
  78  5:12  SCV  
  81  5:15  Medivac x2  
  81  5:17  Combat Shields  
  85  5:23  SCV  
  85  5:28  Command Center, Barracks Tech Lab  
  86  5:29  Barracks Reactor  
  86  5:34  Supply Depot  
  86  5:35  SCV  
  87  5:38  Marauder  
  89  5:45  Medivac x2  
  89  5:47  SCV  
  89  5:48  Supply Depot  
  89  5:49  SCV  
  95  5:54  Marauder  
  97  6:00  Marauder  
  97  6:03  SCV  
  100  6:05  Supply Depot, SCV, Marine  
  100  6:06  Barracks, Marine  
  100  6:07  Barracks  
  100  6:09  Concussive Shells  
  103  6:11  Terran Infantry Armor Level 1  
  103  6:15  Marauder  
  104  6:21  Medivac x2  
  104  6:25  SCV x2  
  109  6:28  Marine x2, Marauder  
  113  6:34  Liberator  
  113  6:35  Liberator  
  113  6:37  SCV x2  
  115  6:40  Orbital Command  
  115  6:49  SCV x2, Refinery, Missile Turret  
  123  6:55  Barracks Reactor  
  123  7:01  Refinery  
  123  7:03  Marauder x2  
  127  7:08  Barracks Tech Lab  
  127  7:09  SCV x2  
  127  7:12  Supply Depot  
  127  7:13  Supply Depot  
  129  7:20  Barracks, Marine x2  
  129  7:22  Liberator  
  131  7:23  Starport  
  131  7:27  Supply Depot  
  131  7:28  Liberator  
  131  7:29  Supply Depot, Armory, Marauder x3  
  137  7:34  Marine x2  
  137  7:36  SCV  
  137  7:37  SCV x2  
  142  7:38  Marine x2  
  147  7:50  Supply Depot  
  147  7:51  SCV x3  
  152  7:52  Supply Depot  
  152  7:55  Marauder x3  
  152  7:56  Marine  
  152  7:57  Marine  
  161  7:59  Marine x2  
  161  8:02  Starport Reactor  
  161  8:03  Supply Depot  
  163  8:07  Barracks Reactor  
  163  8:16  Missile Turret  
  163  8:17  Terran Infantry Weapons Level 2  
  163  8:18  Terran Vehicle Weapons Level 1  
  163  8:19  Missile Turret  
  163  8:21  Marine x3, Liberator, Marauder x3  
  163  8:22  Liberator, Marine  
  173  8:36  Command Center  
  173  8:37  Liberator  
  173  8:39  Liberator, Marine x4  
  183  8:42  Supply Depot  
  183  8:46  Engineering Bay  
  185  9:00  Barracks  
  188  9:03  Marauder, Marine x2  
  188  9:04  Marine x4, Marauder x2  
  200  9:11  Barracks  
  200  9:17  Terran Infantry Armor Level 2  
  200  9:20  Liberator x2  
  200  9:28  Command Center  
  198  9:43  Liberator x2  
  198  9:46  Marauder  
  195  10:02  Marine, Marauder x2  
  195  10:03  Marine  
  195  10:05  Liberator  
  198  10:07  Marauder  
  198  10:09  Marine x2  
  198  10:10  Barracks Reactor, Barracks Tech Lab  
  167  10:17  Liberator  
  167  10:21  Marine x4  
  138  10:23  Marauder x2  
  138  10:26  Orbital Command  
  141  10:29  Marine x2, Refinery, Marauder  
  148  10:39  Liberator, Marine x4  
  150  10:43  Orbital Command  
  150  10:44  Marauder  
  150  10:45  Marauder  
  150  10:46  Marine  
  150  10:47  Marine  
  150  10:48  Liberator x2  
  153  10:50  Marauder  
  143  11:00  Marauder  
  143  11:01  Marine x2  
  145  11:06  Marauder  
  145  11:08  Marine x3  
  145  11:09  Marine x2, Marauder  
  157  11:11  Marauder  
  157  11:16  Marine  
  160  11:19  Marine x2  
  160  11:22  Liberator, Marauder  
  164  11:26  Marine  
  164  11:27  Marauder  
  164  11:30  Marauder  
  164  11:31  Liberator  
  159  11:35  Marauder, Marine x2  
  165  11:41  Marine  
  165  11:42  Marine x2  
  165  11:43  Marauder, Marine  
  165  11:44  Marine  
  173  11:48  Marine  
  173  11:51  Marauder  
  173  11:53  Marine  
  181  11:57  Marauder  
  181  11:59  Marine  
  181  12:00  Marine  
  183  12:03  Orbital Command  
  183  12:04  Marauder  
  183  12:06  Marauder  
  183  12:07  Barracks Tech Lab  
  190  12:11  Viking  
  190  12:12  Viking  
  190  12:13  Marauder  
  190  12:14  Refinery  
  193  12:16  Terran Infantry Weapons Level 3, Liberator  
  193  12:18  Refinery  
  193  12:35  Marauder x2  
  200  12:48  Terran Vehicle Weapons Level 2  
  200  12:53  Command Center  
  200  13:17  Refinery  
  200  13:18  Refinery  
  200  13:25  Orbital Command  
  197  13:35  Marine  
  197  13:36  Marauder x2  
  197  13:41  Marauder, Marine x3  
  182  13:46  Medivac x3  
  182  13:47  Medivac  
  181  13:49  Marine x2  
  181  13:50  Marauder  
  181  13:59  Marine, Marauder x3  
  190  14:03  Marauder  
  190  14:06  Orbital Command  
  190  14:11  Marauder, Marine x2  
  190  14:16  Medivac x3  
  200  14:18  Planetary Fortress  
  200  14:22  Liberator  
  165  14:36  Marauder, Marine x2  
  143  14:41  Marauder, Marine x5  
  143  14:42  Marauder  
  143  14:43  SCV x4  
  152  14:49  Refinery  
  152  14:50  Refinery  
  150  14:53  Marine  
  150  14:54  Marine  
  150  14:57  SCV x2, Marauder  
  150  14:58  Marine  
  150  14:59  SCV, Barracks  
  158  15:00  SCV  
  158  15:03  Marine  
  158  15:04  Marauder, Marine x2  
  164  15:09  Marine  
  164  15:10  Marauder  
  164  15:11  SCV, Marine x2  
  164  15:12  SCV  
  169  15:19  Medivac x2  
  169  15:25  Marauder x2, Marine x3  
  169  15:26  Marine  
  169  15:28  Medivac, Marauder  
  174  15:29  Marine x2  
  174  15:31  Marauder  
  174  15:34  SCV  
  181  15:37  Liberator x2  
  181  15:43  Marine x2  
  181  15:46  SCV  
  181  15:47  Marauder  
  176  15:53  Marauder, Marine x2  
  176  15:54  Orbital Command, Marauder  
  176  15:56  Marauder, Marine  
  188  15:57  Marine  
  188  16:00  Marine  
  188  16:01  Marine  
  185  16:08  Marauder  
  185  16:11  Marine x2  
  170  16:14  Marine  
  170  16:15  Marauder x2, Marine  
  170  16:18  Marauder  
  164  16:19  Marine x2  
  164  16:21  Orbital Command  
  164  16:26  Medivac x2  
  164  16:29  Marauder  
  170  16:35  Marine x4  
  170  16:36  Liberator, Marauder  
  170  16:37  Marauder  
  178  16:40  Marauder, Marine  
  178  16:42  Marine  
  178  16:43  Marauder  
  178  16:44  SCV  
  185  16:50  Marine  
  189  16:54  Marine  
  189  16:57  SCV x2  
  189  16:58  Marauder x2  
  190  17:05  Marine x3  
  190  17:06  Marauder  
  192  17:08  Missile Turret  
  189  17:17  Missile Turret  
  189  17:18  Marauder, Marine x5, Liberator  
  189  17:19  Marine  
  187  17:23  Marine x2  
  187  17:27  Marauder, Marine  
  191  17:30  SCV x2  
  191  17:36  Marine  
  184  17:51  Marauder, Marine x3  
  184  17:52  Medivac, Marauder x3  
  184  17:53  Marine x2  
  184  17:55  Marine  
  199  18:20  Marine  

Tags
 
Add a new tag
Caveats
  • Supply blocks, unpowered buildings, or Contaminate may cause inaccurate times.
  • Supply counts are checked every 10 seconds.